Map: Overgrown Facility

Players

Nyck - Winner!

  • Race: Terran Terran
  • Spawn Location: 1:00

Ekelpack - Winner!

  • Race: Zerg Zerg
  • Spawn Location: 3:00

Radusek

  • Race: Terran Terran
  • League: Platinum
  • Spawn Location: 7:00

Aguniaya

  • Race: Protoss Protoss
  • League: Gold
  • Spawn Location: 9:00

VOD

Have the link to the VOD?

Description

Time

  • Played on: Sept. 11, 2024, 12:54 p.m.
  • Length: 20:30
Show
View Real Time Build Order
Export as new Build Order

Nyck Terran - Winner!

Build Orders: Reaper Expand 

Get SALT Encoding   

  12  0:00  SCV  
  13  0:13  SCV  
  14  0:19  Supply Depot  
  14  0:25  SCV  
  15  0:41  SCV  
  15  0:42  Barracks  
  16  0:51  Refinery  
  16  0:53  SCV  
  17  1:05  SCV  
  18  1:17  SCV  
  19  1:32  Supply Depot  
  19  1:35  Reaper  
  20  1:40  Orbital Command  
  20  1:58  Command Center  
  20  2:03  Barracks  
  20  2:06  SCV  
  21  2:11  Barracks Reactor  
  21  2:19  SCV  
  21  2:22  Refinery  
  22  2:31  SCV  
  23  2:43  SCV  
  24  2:47  Marine x2  
  24  2:49  Marine  
  27  2:55  SCV  
  28  3:05  Marine  
  28  3:07  SCV  
  28  3:12  Marine  
  31  3:14  Barracks Tech Lab  
  31  3:22  Engineering Bay  
  31  3:24  SCV  
  31  3:25  Engineering Bay  
  31  3:26  Orbital Command  
  32  3:36  SCV, Marine  
  32  3:37  Marine x2  
  32  3:39  Combat Shield  
  36  3:48  SCV  
  37  3:58  SCV, Refinery  
  37  4:00  SCV, Refinery  
  37  4:02  Marine  
  40  4:07  Terran Infantry Weapons Level 1  
  40  4:10  SCV, Terran Infantry Armor Level 1  
  40  4:14  Marine  
  40  4:15  Marine  
  43  4:23  SCV x2  
  45  4:35  SCV  
  46  4:41  Supply Depot  
  46  4:58  Stimpack  
  46  5:03  Supply Depot, SCV x2, Marine x3  
  51  5:15  SCV  
  51  5:18  SCV  
  53  5:23  Marine  
  53  5:24  Marine  
  53  5:25  Marine  
  53  5:27  SCV  
  53  5:28  Supply Depot  
  57  5:30  SCV  
  57  5:31  Supply Depot  
  58  5:39  SCV  
  58  5:40  Marine  
  60  5:44  SCV  
  61  5:51  SCV  
  61  5:52  Command Center  
  61  5:53  Marine  
  61  5:54  Marine  
  61  5:56  SCV  
  65  6:03  Marine  
  66  6:09  Factory  
  66  6:10  Supply Depot  
  66  6:13  SCV x2  
  68  6:26  Factory  
  68  6:30  Supply Depot  
  65  6:37  SCV x2  
  58  6:52  Supply Depot  
  58  6:54  Armory  
  58  6:58  Starport  
  58  7:04  SCV x2  
  58  7:06  Factory Reactor  
  60  7:15  Supply Depot  
  60  7:21  Missile Turret  
  60  7:26  Missile Turret  
  60  7:32  Supply Depot  
  60  7:35  Marine x3  
  63  7:52  Barracks x2, Terran Infantry Weapons Level 2  
  63  7:53  Terran Infantry Armor Level 2  
  63  7:55  Marine x3  
  63  7:57  Medivac x2  
  70  8:03  Supply Depot  
  71  8:05  SCV x2  
  72  8:16  Planetary Fortress  
  72  8:22  Marine x3  
  75  8:27  Medivac x2  
  75  8:31  Supply Depot  
  79  8:38  SCV x2  
  81  8:50  SCV x2  
  81  8:53  SCV  
  84  9:00  Marine x3  
  88  9:02  SCV  
  88  9:03  SCV  
  88  9:05  SCV  
  88  9:06  Supply Depot  
  88  9:07  Barracks Reactor  
  88  9:08  Barracks Reactor  
  90  9:15  Medivac x2  
  94  9:17  Marine  
  94  9:18  Marine  
  94  9:20  SCV x2  
  94  9:21  SCV  
  99  9:24  Refinery  
  99  9:26  Refinery  
  99  9:33  Terran Vehicle And Ship Armor Level 1  
  99  9:35  SCV x2  
  99  9:36  SCV  
  102  9:48  SCV  
  103  9:57  SCV x2  
  105  10:00  SCV  
  106  10:09  Marine x2  
  106  10:10  Marine x4, Command Center  
  106  10:11  Marine  
  106  10:12  SCV  
  114  10:17  SCV x2  
  116  10:24  SCV  
  116  10:26  Terran Infantry Weapons Level 3  
  116  10:27  Terran Infantry Armor Level 3  
  117  10:29  SCV x2  
  119  10:36  SCV  
  120  10:48  SCV  
  121  10:58  Marine x5  
  121  10:59  Marine x2  
  128  11:19  SCV x3  
  131  11:31  SCV x3  
  133  11:40  Marine x6  
  133  11:41  Marine  
  117  12:07  Marine x2  
  117  12:08  Marine x4  
  120  12:09  Marine  
  121  12:22  SCV x2  
  103  12:23  SCV  
  103  12:25  Marine x3  
  103  12:26  Marine  
  108  12:34  SCV  
  108  12:35  SCV x2  
  111  12:50  Marine  
  111  12:51  Marine x5  
  114  12:53  Marauder  
  114  12:55  Medivac x2  
  123  13:14  SCV x2, Marauder  
  123  13:19  Missile Turret  
  127  13:25  Marine x4  
  127  13:26  Marine x2  
  133  13:30  Neosteel Armor  
  133  13:31  Hi-Sec Auto Tracking  
  133  13:32  Terran Vehicle And Ship Armor Level 2  
  133  13:36  Supply Depot, Marauder  
  133  13:39  Missile Turret  
  135  13:45  Medivac x2  
  139  13:59  Supply Depot  
  139  14:00  Missile Turret  
  138  14:14  SCV x3  
  141  14:18  Marine x2  
  141  14:19  Marine x2  
  141  14:20  Marine x2, Marauder  
  141  14:21  Missile Turret  
  141  14:22  Supply Depot  
  149  14:25  Medivac x2  
  149  14:28  Concussive Shells  
  153  14:41  Marauder  
  155  14:45  Supply Depot  
  155  14:54  SCV x3  
  155  14:57  Planetary Fortress  
  158  15:02  Refinery  
  158  15:06  Refinery  
  158  15:07  Supply Depot  
  157  15:30  Supply Depot  
  157  15:48  SCV x2  
  157  15:49  SCV x2  
  161  15:52  Supply Depot  
  161  16:00  SCV  
  161  16:01  SCV x3  
  165  16:07  Marine x2  
  165  16:08  Marine x4  
  165  16:09  Marauder  
  173  16:14  Supply Depot, Medivac  
  173  16:15  Medivac  
  177  16:25  Marine x4  
  171  16:26  Marine x2  
  171  16:31  Marauder  
  177  16:43  Marine x4  
  177  16:44  Marine x2, Medivac x2  
  179  16:52  Marauder  
  156  16:56  Missile Turret  
  156  16:57  Missile Turret  
  140  17:13  Marauder  
  140  17:14  SCV x2, Medivac x2  
  144  17:17  Missile Turret x2  
  144  17:19  Marine x5  
  144  17:20  Marine  
  150  17:25  SCV x2  
  150  17:28  Command Center  
  152  17:35  Marauder  
  152  17:36  Marine  
  152  17:37  Marine x4  
  155  17:38  Marine  
  160  17:44  Medivac x2  
  164  17:54  Marine x3  
  164  17:55  Marine x3  
  164  17:56  Marauder  
  172  18:03  Command Center  
  172  18:06  Refinery  
  172  18:12  Marine x4  
  174  18:13  Marine x2  
  174  18:18  Marauder  
  178  18:21  Refinery  
  176  18:33  SCV x2  
  176  18:34  Marine x5  
  177  18:35  Marine  
  177  18:39  Marauder  
  184  18:51  Marine  
  184  18:52  Marine x2  
  187  19:00  Marauder  
  188  19:22  Marauder  
  168  19:43  Marauder  
  168  19:48  Medivac  
  168  19:49  Medivac  
  168  19:51  Marine x3  
  168  19:52  Marine  
  165  20:04  Marauder  
Show
View Real Time Build Order
Export as new Build Order

Ekelpack Zerg - Winner!

Build Orders: Hatch First 

Get SALT Encoding   

  12  0:00  Drone  
  13  0:13  Overlord  
  13  0:18  Drone  
  14  0:32  Drone  
  15  0:48  Hatchery  
  14  0:50  Drone  
  15  1:07  Spawning Pool  
  15  1:10  Drone  
  15  1:14  Drone  
  16  1:22  Drone x2  
  18  1:32  Extractor  
  17  1:33  Overlord  
  17  1:58  Queen  
  19  2:02  Drone x2  
  19  2:04  Extractor  
  20  2:12  Drone  
  20  2:13  Drone  
  22  2:18  Queen  
  24  2:26  Drone  
  22  2:54  Drone x3  
  25  3:00  Lair  
  25  3:05  Drone x3  
  28  3:09  Extractor  
  28  3:10  Drone  
  28  3:23  Drone  
  29  3:27  Drone x2  
  29  3:30  Drone  
  32  3:38  Drone  
  33  3:51  Drone  
  33  3:54  Extractor  
  33  3:57  Drone x3  
  33  3:58  Overlord x2  
  36  4:05  Spire  
  35  4:15  Drone  
  36  4:18  Drone x4  
  40  4:43  Drone x3  
  43  4:47  Overlord x2  
  39  5:20  Mutalisk x5  
  39  5:21  Mutalisk x4  
  49  5:28  Queen  
  57  5:31  Overlord  
  58  5:58  Drone x6  
  58  6:00  Zerg Flyer Weapons Level 1  
  64  6:18  Mutalisk x3  
  64  6:19  Mutalisk  
  72  6:27  Mutalisk x2  
  72  6:29  Overlord  
  74  6:48  Mutalisk x5  
  74  6:49  Overlord x2  
  84  7:03  Overlord  
  84  7:09  Mutalisk x5  
  94  7:24  Overlord x2  
  94  7:36  Hatchery, Overlord x2  
  93  7:57  Mutalisk x2  
  93  7:58  Mutalisk x3  
  103  8:22  Overlord  
  103  8:26  Mutalisk x3  
  103  8:27  Mutalisk  
  111  8:35  Mutalisk x3  
  117  8:54  Drone x5  
  122  9:04  Mutalisk x4  
  122  9:05  Overlord x2, Mutalisk x2  
  134  9:21  Overlord  
  132  9:25  Zerg Flyer Weapons Level 2  
  132  9:30  Infestation Pit  
  131  9:34  Drone x6  
  131  9:36  Extractor  
  131  9:37  Queen  
  131  9:38  Extractor  
  137  10:04  Overlord  
  137  10:05  Mutalisk x2  
  141  10:18  Drone  
  141  10:19  Drone x2  
  144  10:41  Zergling x6  
  144  10:42  Zergling x12  
  145  10:43  Zergling x2  
  146  11:03  Metabolic Boost  
  146  11:07  Evolution Chamber  
  146  11:10  Evolution Chamber  
  138  11:39  Mutalisk x2  
  138  11:40  Mutalisk x2  
  92  12:11  Mutalisk x7  
  92  12:12  Mutalisk x2  
  92  12:14  Hive  
  92  12:15  Zerg Flyer Armor Level 1  
  106  12:25  Hatchery  
  106  12:26  Zerg Melee Weapons Level 1  
  106  12:27  Zerg Ground Armor Level 1  
  106  12:29  Zergling x6  
  108  13:00  Zergling x14  
  108  13:01  Zergling x14  
  108  13:02  Zergling x2  
  123  13:14  Hatchery  
  123  13:18  Mutalisk x3  
  123  13:19  Mutalisk  
  130  13:32  Ultralisk Cavern  
  130  13:33  Overlord x3  
  129  13:46  Overlord x3  
  115  14:01  Zergling x4  
  116  14:13  Zerg Flyer Weapons Level 3  
  116  14:15  Adrenal Glands  
  116  14:26  Zerg Melee Weapons Level 2, Zerg Ground Armor Level 2  
  116  14:28  Ultralisk x5  
  116  14:29  Ultralisk x6  
  116  14:30  Ultralisk  
  178  14:58  Chitinous Plating  
  178  15:00  Ultralisk  
  178  15:01  Ultralisk  
  190  15:07  Overlord  
  190  15:08  Overlord  
  103  15:43  Ultralisk x4  
  103  15:44  Overlord x2  
  113  16:28  Overseer  
  107  16:33  Anabolic Synthesis  
  107  16:44  Zerg Melee Weapons Level 3, Zerg Ground Armor Level 3  
  101  17:09  Ultralisk x3  
  101  17:10  Zergling x8  
  101  17:11  Zergling x8  
  127  17:18  Ultralisk x3  
  127  17:19  Ultralisk x4  
  127  17:20  Zergling x6  
  172  17:42  Hatchery  
  171  17:50  Overseer  
  171  17:55  Extractor x2  
  169  18:16  Ultralisk x2  
  169  18:17  Ultralisk x3  
  169  18:18  Zergling x2  
  185  18:32  Ultralisk  
  191  18:47  Ultralisk  
  176  19:03  Ultralisk x3  
  128  19:46  Ultralisk x3  
  140  19:53  Zergling x6  
  140  19:54  Zergling x4  
  140  19:55  Zergling x2  
  140  19:59  Zergling x14  
  147  20:00  Zergling x2  
Show
View Real Time Build Order
Export as new Build Order

Radusek Terran 

Build Orders: Liberator Opening, Reaper Expand 

Get SALT Encoding   

  12  0:00  SCV  
  13  0:12  SCV  
  14  0:18  Supply Depot  
  14  0:24  SCV  
  15  0:40  SCV  
  16  0:43  Barracks  
  16  0:46  Refinery  
  16  0:52  SCV  
  18  1:04  SCV  
  18  1:16  SCV  
  19  1:30  Orbital Command, Reaper  
  20  1:52  Command Center  
  20  1:57  SCV  
  21  2:05  Marine  
  22  2:12  SCV  
  23  2:19  Factory  
  23  2:23  Supply Depot  
  23  2:31  Barracks Reactor  
  23  2:45  SCV  
  24  2:53  Refinery  
  24  2:57  SCV  
  25  3:06  Starport  
  25  3:13  Marine  
  25  3:14  Marine  
  29  3:20  Cyclone  
  29  3:21  SCV  
  29  3:22  Orbital Command  
  30  3:36  Bunker  
  30  3:38  SCV  
  30  3:40  Marine x2  
  33  3:45  Liberator  
  36  3:50  SCV x2  
  38  3:56  Supply Depot x2  
  38  4:02  SCV x2  
  40  4:04  Factory Tech Lab  
  40  4:05  Marine x2  
  42  4:14  SCV  
  42  4:15  SCV  
  44  4:19  Supply Depot  
  44  4:21  Supply Depot  
  44  4:27  SCV x2, Marine x2  
  48  4:39  SCV x2  
  50  4:48  Barracks  
  50  4:50  Barracks  
  50  4:51  SCV x2  
  50  4:52  Marine x2  
  54  4:57  Engineering Bay  
  54  4:58  Engineering Bay  
  54  5:03  SCV x2  
  54  5:04  Siege Tank  
  59  5:09  Marine  
  59  5:10  Marine  
  61  5:15  SCV x2  
  63  5:27  SCV x2, Starport Reactor  
  65  5:35  Marine x2  
  67  5:39  Barracks Tech Lab x2  
  67  5:55  Missile Turret  
  64  5:57  Missile Turret  
  64  5:59  Refinery  
  64  6:01  Refinery  
  64  6:09  Combat Shield, Stimpack  
  64  6:10  Marine x4  
  68  6:12  Widow Mine x2  
  68  6:16  SCV x2, Command Center  
  74  6:22  Missile Turret  
  74  6:25  Missile Turret  
  74  6:26  Terran Infantry Weapons Level 1, Terran Infantry Armor Level 1  
  74  6:28  Marine x4  
  78  6:37  Supply Depot  
  78  6:38  Supply Depot  
  78  6:55  Raven, SCV x2, Marine x4  
  78  6:59  Armory  
  86  7:02  Widow Mine x2  
  90  7:13  Marine x4  
  94  7:23  Widow Mine x2  
  98  7:31  Marine x2  
  98  7:34  Marine x2  
  102  7:43  Starport Reactor  
  102  7:44  Supply Depot, Factory  
  102  7:45  Supply Depot, Orbital Command  
  102  7:46  Barracks  
  102  7:48  Marine, Barracks  
  103  8:10  Marine x4  
  103  8:11  Widow Mine x2  
  111  8:15  Orbital Command  
  111  8:28  Marine x3  
  114  8:42  Command Center  
  114  8:43  Supply Depot  
  114  8:45  Supply Depot  
  113  8:48  Missile Turret  
  113  8:51  Missile Turret  
  113  8:52  SCV x3  
  116  9:04  SCV x3  
  119  9:16  SCV x3  
  122  9:21  Medivac  
  122  9:22  Marine x4, Medivac  
  130  9:24  Barracks Reactor x2  
  130  9:36  SCV x3  
  133  9:42  Widow Mine x2  
  137  9:47  Concussive Shells  
  137  10:04  Missile Turret  
  137  10:05  Missile Turret  
  137  10:09  SCV x3, Missile Turret  
  140  10:16  Marine x8  
  140  10:17  Widow Mine x2  
  140  10:18  Medivac x2  
  156  10:21  Supply Depot  
  156  10:22  Supply Depot  
  156  10:29  Siege Tank  
  156  10:33  Marine  
  156  10:34  Marine x3  
  163  10:40  Ghost Academy  
  161  10:47  Marine x4  
  161  10:48  Medivac x2  
  169  10:51  Marine x2, Terran Infantry Armor Level 2, Terran Infantry Weapons Level 2  
  171  11:04  Marine x2  
  171  11:05  Siege Tank, Marine x4  
  171  11:07  Drilling Claws  
  171  11:11  Supply Depot  
  180  11:12  Supply Depot  
  180  11:15  Command Center  
  184  11:33  Widow Mine x2  
  184  11:37  Siege Tank  
  154  12:04  Marine x8  
  154  12:05  Widow Mine  
  154  12:06  Widow Mine  
  150  12:09  Siege Tank  
  153  12:18  Medivac x2  
  153  12:22  Marine x8  
  161  12:27  Widow Mine x2  
  169  12:40  SCV x2, Marine  
  169  12:41  SCV, Siege Tank  
  176  12:44  Refinery x2  
  176  12:53  SCV x3  
  179  13:03  Marine x8  
  187  13:09  Planetary Fortress  
  187  13:11  SCV x3  
  190  13:13  Orbital Command  
  190  13:21  Marine x3  
  190  13:23  SCV x3  
  196  13:28  Personal Cloaking  
  196  13:36  Barracks  
  196  13:41  Barracks  
  194  13:43  Barracks  
  186  13:55  Refinery  
  186  13:57  Refinery  
  186  14:06  Command Center  
  186  14:07  Terran Infantry Armor Level 3, Terran Infantry Weapons Level 3  
  186  14:11  Terran Vehicle Weapons Level 1  
  186  14:21  Orbital Command  
  186  15:05  Missile Turret  
  186  15:08  Missile Turret  
  186  15:23  Marauder  
  186  15:24  Marauder  
  186  15:25  Barracks Tech Lab  
  142  15:40  Marine x2  
  142  15:41  Marine x4  
  111  15:44  Marine x2  
  111  15:48  Marauder  
  119  15:50  Siege Tank, Widow Mine x2  
  119  15:51  Medivac x2  
  119  15:52  Barracks Tech Lab  
  126  15:58  Barracks Tech Lab, Marine x6  
  126  16:03  Marauder x2  
  131  16:09  Marine  
  128  16:16  Marine  
  126  16:20  Marine x5  
  126  16:24  Marauder x2  
  130  16:28  Marauder  
  130  16:30  Orbital Command  
  132  16:34  Marine  
  132  16:38  Marine x3  
  133  16:48  Marine, Marauder  
  133  16:49  Marine, Marauder x2  
  133  16:51  Marine  
  122  16:56  Marine x3  
  122  17:00  Siege Tank, Widow Mine x2  
  122  17:06  Marine x2  
  124  17:09  Marine  
  124  17:10  Marauder x3  
  124  17:13  Marine  
  124  17:14  Marine x2  
  134  17:24  Marine x2, Widow Mine x2, Medivac x2  
  134  17:27  Marine  
  134  17:28  Supply Depot  
  145  17:30  Ghost  
  145  17:31  Marine x3, Ghost x2  
  145  17:32  Siege Tank  
  145  17:33  Command Center  
  157  17:42  Marine x2  
  159  17:49  Orbital Command  
  159  17:54  Marine x4  
  159  17:55  Medivac x2  
  167  17:59  Ghost  
  167  18:00  Marine x2, Marauder x2  
  175  18:11  Marine  
  176  18:21  Marauder  
  166  18:35  Marine x6, Marauder x2  
  166  18:36  Siege Tank, Widow Mine x2  
  166  18:37  Medivac x2  
  187  18:43  Marauder  
  189  18:53  Marine x2  
  189  18:56  Marauder  
  189  19:01  Ghost  
  189  19:02  Marine x2  
  144  19:03  Ghost  
  144  19:04  Widow Mine x2  
  144  19:08  Siege Tank  
  120  19:17  Ghost  
  122  19:29  Ghost  
  32  20:06  Marine x4  
Show
View Real Time Build Order
Export as new Build Order

Aguniaya Protoss 

Build Orders:  

Get SALT Encoding   

  12  0:00  Probe  
  13  0:12  Probe  
  14  0:23  Pylon  
  14  0:25  Probe  
  15  0:41  Probe  
  16  0:43  Gateway  
  16  0:54  Probe  
  16  0:55  Assimilator  
  17  1:07  Pylon  
  17  1:31  Cybernetics Core  
  17  1:32  Zealot (Chrono Boost)  
  17  1:33  Probe  
  20  1:45  Probe  
  21  2:11  Warp Gate (Chrono Boost)  
  21  2:12  Probe  
  22  2:23  Assimilator  
  22  2:25  Probe  
  22  2:39  Adept (Chrono Boost)  
  23  2:45  Probe  
  24  2:57  Probe  
  25  3:01  Adept  
  27  3:10  Probe  
  27  3:22  Probe  
  28  3:27  Pylon  
  28  3:28  Gateway  
  28  3:34  Probe  
  29  3:46  Probe  
  30  3:55  Stargate  
  30  3:56  Stalker  
  30  3:58  Nexus  
  30  4:00  Pylon  
  32  4:03  Pylon  
  32  4:17  Pylon  
  32  4:20  Stalker, Pylon  
  32  4:23  Probe  
  35  4:32  Stalker  
  35  4:35  Probe  
  35  4:38  Assimilator  
  38  4:41  Oracle  
  41  4:52  Probe  
  42  5:14  Stalker x2  
  44  5:18  Oracle  
  49  5:31  Probe  
  49  5:33  Gateway  
  49  5:34  Gateway  
  50  5:43  Probe  
  51  5:50  Twilight Council  
  51  5:51  Pylon  
  51  5:55  Probe, Phoenix  
  54  6:02  Stalker  
  56  6:14  Forge  
  56  6:18  Sentry  
  58  6:20  Shield Battery  
  47  6:49  Stalker x4  
  47  6:52  Phoenix (Chrono Boost)  
  57  7:06  Assimilator, Probe (Chrono Boost)  
  57  7:07  Probe (Chrono Boost), Protoss Ground Weapons Level 1 (Chrono Boost)  
  61  7:16  Probe x2 (Chrono Boost)  
  61  7:21  Probe x2 (Chrono Boost)  
  61  7:22  Stalker  
  61  7:23  Stalker  
  67  7:31  Photon Cannon  
  67  7:37  Phoenix (Chrono Boost)  
  65  7:42  Probe (Chrono Boost)  
  65  7:44  Probe (Chrono Boost)  
  69  7:54  Probe (Chrono Boost)  
  69  7:55  Phoenix  
  73  7:59  Probe (Chrono Boost)  
  73  8:01  Probe (Chrono Boost)  
  74  8:06  Probe  
  75  8:14  Protoss Air Weapons Level 1 (Chrono Boost)  
  75  8:18  Photon Cannon  
  73  8:20  Phoenix  
  73  8:22  Stalker  
  73  8:27  Blink (Chrono Boost)  
  75  8:35  Photon Cannon  
  75  8:42  Photon Cannon  
  75  8:45  Phoenix  
  77  8:50  Stalker  
  77  8:53  Stalker  
  77  8:55  Probe  
  82  8:57  Probe  
  82  8:59  Protoss Ground Weapons Level 2 (Chrono Boost)  
  83  9:21  Phoenix  
  81  9:24  Stalker  
  83  9:38  Nexus  
  83  9:42  Pylon  
  83  9:46  Phoenix  
  83  9:48  Stalker  
  83  9:49  Stalker  
  82  10:05  Assimilator  
  82  10:13  Stargate  
  82  10:18  Protoss Air Armor Level 1 (Chrono Boost)  
  82  10:19  Phoenix (Chrono Boost)  
  84  10:24  Nexus  
  84  10:37  Phoenix (Chrono Boost)  
  86  10:47  Pylon  
  86  10:48  Pylon  
  86  10:49  Pylon, Photon Cannon  
  86  10:50  Shield Battery  
  86  10:51  Pylon  
  86  10:53  Photon Cannon  
  86  11:06  Phoenix x2  
  86  11:10  Probe  
  86  11:11  Probe  
  92  11:15  Stalker  
  92  11:17  Stalker  
  96  11:22  Probe  
  96  11:23  Probe  
  92  11:31  Stalker x2  
  54  11:35  Probe  
  54  11:38  Stalker  
  54  11:39  Stalker  
  49  11:46  Stalker  
  30  11:56  Stalker  
  25  12:04  Stalker x2  
  25  12:07  Probe  
  25  12:08  Probe  
  31  12:20  Protoss Ground Armor Level 1 (Chrono Boost), Probe x2 (Chrono Boost)  
  35  12:30  Probe x2 (Chrono Boost)  
  35  12:35  Probe x2 (Chrono Boost)  
  37  12:46  Probe x2  
  39  12:51  Assimilator  
  39  12:58  Probe x2  
  41  13:01  Stargate  
  41  13:03  Stargate  
  41  13:12  Stalker  
  41  13:17  Nexus  
  43  13:24  Stalker x2  
  47  13:44  Phoenix (Chrono Boost)  
  51  13:58  Phoenix (Chrono Boost)  
  51  14:02  Phoenix (Chrono Boost)  
  53  14:11  Stalker x3  
  53  14:23  Probe (Chrono Boost)  
  55  14:24  Phoenix, Probe (Chrono Boost)  
  57  14:34  Probe x2 (Chrono Boost)  
  57  14:36  Phoenix  
  61  14:38  Probe (Chrono Boost)  
  62  14:52  Phoenix  
  64  14:57  Pylon  
  64  14:58  Stalker  
  66  15:00  Stalker  
  66  15:01  Phoenix  
  68  15:35  Phoenix x2  
  68  15:38  Stalker  
  68  15:41  Probe x2  
  72  15:53  Probe  
  73  15:57  Assimilator  
  73  16:00  Phoenix x2  
  73  16:02  Assimilator  
  77  16:24  Probe x2  
  77  16:25  Phoenix  
  79  16:36  Probe  
  66  17:14  Probe x2  
  68  17:17  Probe  
  68  17:20  Stalker x3  
  68  17:21  Stalker  
  77  17:23  Phoenix  
  77  17:24  Phoenix  
  77  17:26  Probe  
  77  17:27  Probe  
  77  17:29  Probe  
  84  17:39  Probe x2  
  84  17:43  Nexus, Pylon  
  86  17:48  Phoenix, Pylon  
  86  17:49  Phoenix  
  90  18:00  Robotics Facility  
  90  18:07  Pylon  
  90  18:10  Twilight Council, Pylon  
  90  18:12  Assimilator  
  90  18:13  Phoenix x2  
  94  18:27  Fleet Beacon  
  94  18:38  Phoenix  
  94  18:40  Stalker  
  94  18:41  Stalker x2  
  102  18:44  Probe x3  
  105  19:12  Stalker  
  105  19:13  Stalker x3  
  61  19:57  Stalker x3  
  61  19:58  Stalker  
  61  19:59  Phoenix x2  
  71  20:06  Photon Cannon  
  71  20:07  Photon Cannon  
  71  20:12  Gateway  
  65  20:24  Stalker x2  
  65  20:25  Stalker x2  
Tags
 
Add a new tag
Caveats
  • Supply blocks, unpowered buildings, or Contaminate may cause inaccurate times.
  • Supply counts are checked every 10 seconds.